 Dungeon Crawl Stone Soup version 0.21.1-1-g345015f (webtiles) character file.

156 Solrac the Shield-Bearer (level 5, 0/47 HPs)
             Began as a Minotaur Fighter on Apr 5, 2018.
             Succumbed to an orc's poison
             ... on level 3 of the Dungeon.
             The game lasted 00:13:20 (3142 turns).

Solrac the Shield-Bearer (Minotaur Fighter)         Turns: 3142, Time: 00:13:21

Health: 0/47       AC: 15    Str: 20    XL:     5   Next: 14%
Magic:  4/4        EV:  6    Int:  5    God:
Gold:   170        SH:  9    Dex: 11    Spells: 4/4 levels left

rFire    + . .     SeeInvis +   a - +0 flail
rCold    . . .     Gourm    .   c - +0 shield
rNeg     . . .     Faith    .   b - +3 chain mail {rF+}
rPois    .         Spirit   .   (helmet restricted)
rElec    .         Reflect  .   r - +2 cloak
rCorr    .         Harm     .   (no gloves)
MR       .....                  (no boots)
Stlth    ..........             (no amulet)
HPRegen  0.15/turn              k - ring of see invisible
MPRegen  0.09/turn              (no ring)

@: lethally poisoned (0 -> -12)
A: retaliatory headbutt, horns 2
a: no special abilities


You were on level 3 of the Dungeon.
You were not hungry.

You visited 1 branch of the dungeon, and saw 3 of its levels.

You collected 170 gold pieces.

Inventory:

Hand Weapons
 a - a +0 flail (weapon)
Missiles
 h - 96 stones (quivered)
 t - 6 tomahawks
Armour
 b - a +3 chain mail of fire resistance (worn)
 c - a +0 shield (worn)
 r - a +2 cloak (worn)
Jewellery
 k - a ring of see invisible (left hand)
Scrolls
 g - 2 scrolls of fog {unknown}
 i - 5 scrolls of identify
 j - 2 scrolls of teleportation
 l - 2 scrolls of magic mapping {unknown}
 o - a scroll of enchant armour {unknown}
 q - a scroll of fear {unknown}
Potions
 d - 5 potions of might
 e - a potion of degeneration {unknown}
 m - a potion of brilliance {unknown}
 n - a potion of curing {unknown}
 s - a potion of mutation {unknown}
 u - a potion of flight {unknown}
Comestibles
 f - 6 rations
 p - 5 chunks of flesh


   Skills:
 + Level 4.3 Fighting
 + Level 4.1 Maces & Flails
 + Level 4.6 Armour
 + Level 0.8 Dodging
 + Level 4.7 Shields


You had 4 spell levels left.
You didn't know any spells.

Dungeon Overview and Level Annotations

Branches:
Dungeon (3/15)

Altars:
Ru


Innate Abilities, Weirdness & Mutations

You reflexively headbutt those who attack you in melee.
You have a pair of horns on your head.


Message History

The orc priest invokes the aid of Beogh against you.
Beogh smites you!
* * * LOW HITPOINT WARNING * * *
You hit the orc priest but do no damage.
Your headbutt misses the orc priest.
The orc priest is severely wounded.
* * * LOW HITPOINT WARNING * * *
You feel sick. You block the orc's attack. The orc barely misses you.
The orc hits you but does no damage. The orc priest barely misses you.
The orc hits you but does no damage. x2
Your shield and chain mail prevent you from hitting the orc priest.
The orc priest is severely wounded.
* * * LOW HITPOINT WARNING * * *
You feel sick. You block the orc's attack. You block the orc priest's attack.
The orc hits you but does no damage.
You are more poisoned.
The orc hits you but does no damage.
You barely miss the orc priest.
The orc priest is severely wounded.
You die...

#.... ### #.... ...####
#.... .......## #....
..%...).## ####.
.........# #.
......>..## #.
......o...### #.
.....bo@....####### #.
......oo..........# #.
........##........# #.
.......######.....#####[
....... #####..).......
#####.. ...........#..#.
... ...............#
#### ##..###..#...#.#
#.. #......#..


You could see an orc priest, 3 orcs and a bat.

Vanquished Creatures
  An orc wizard (D:3)
  6 adders
  An ooze (D:2)
  A worm (D:2)
  A dart slug (D:2)
  4 orcs (D:3)
  4 giant cockroaches
  9 goblins
  9 hobgoblins
  3 kobolds
  2 quokkas
  A ball python (D:1)
  9 bats
  4 frilled lizards
  7 rats
62 creatures vanquished.

Notes
Turn   | Place    | Note
-------+----------+-------------------------------------------
     0 | D:1      | Solrac the Minotaur Fighter began the quest for the Orb.
     0 | D:1      | Reached XP level 1. HP: 19/19 MP: 0/0
   158 | D:1      | Reached XP level 2. HP: 27/27 MP: 1/1
   922 | D:2      | Reached XP level 3. HP: 23/33 MP: 2/2
  1628 | D:2      | Reached XP level 4. HP: 40/40 MP: 3/3
  2960 | D:3      | Found a sacrificial altar of Ru.
  2973 | D:3      | Reached XP level 5. HP: 47/47 MP: 4/4
  3139 | D:3      | HP: 2/47 [orc priest/divine providence (16)]
  3142 | D:3      | Succumbed to an orc's poison

Skill      XL: |  1  2  3  4 |
---------------+-------------+-----
Fighting       | 4 |  4.3
Armour         | 4 |  4.6
Shields        | 4 |  4.7
Maces & Flails | 3 4 |  4.1
Dodging        | |  0.8

Action                   |  1- 3 |  4- 6 || total
-------------------------+-------+-------++-------
Melee: Flail             |    93 |   111 ||   204
       Headbutt          |    11 |    18 ||    29
  Use: Scroll            |       |     1 ||     1
 Stab: Paralysed         |       |     1 ||     1
  Eat: Chunk             |     1 |     6 ||     7
Armor: Scale mail        |    48 |       ||    48
       Chain mail        |       |    74 ||    74
Dodge: Dodged            |    42 |    26 ||    68
Block: Shield            |    49 |    72 ||   121
